AoeStats
← Malelf

Arena

507772462Analyzed
1v1 RM · 12d ago on Sep 19, 2026· 42m 39s· 2 players
Game mode
Random Map
Map size
Tiny (2 player)
Population
200
Speed
Normal
Resources
Standard
Victory
Conquest
Starting age
Dark Age
Ending age
Imperial Age
RankedLock teamsTeams togetherTeam positionsShared explorationLock speedFull tech treeHidden civsTurbo modeCheats
Victory
Defeat
🇮🇹 Burgundians · Italy
1696
+13
🇮🇹 Bohemians · Italy
1640
-13
Serpe Chiacchierina
11:12 Feudal Age
15:06 Castle Age
13:52 Double-Bit Axe
14:23 Horse Collar
16:05 Bow Saw
16:35 Heavy Plow
20:27 Wheelbarrow
24:53 Loom
32:54 Imperial Age
31:53 Chemistry
31:26 Forging
31:37 Fletching
31:49 Padded Archer Armor
32:05 Fervor
34:38 Iron Casting
37:51 Scale Mail Armor
38:51 Blast Furnace
38:19 Squires
38:05 Arson
38:36 Masonry
41:04 Chain Mail Armor
40:37 Pikeman
42:10 Leather Archer Armor
42:01 Scale Barding Armor
Malelf
3:46 Double-Bit Axe
6:45 Horse Collar
11:10 Feudal Age
15:02 Castle Age
13:52 Bow Saw
16:30 Gold Mining
19:27 Wheelbarrow
19:02 Scale Mail Armor
20:08 Forging
20:23 Stone Mining
20:58 Loom
22:38 Chain Mail Armor
23:52 Redemption
27:31 Heavy Plow
31:16 Imperial Age
28:51 Heavy Plow
30:46 Gold Shaft Mining
30:46 Hand Cart
32:30 Stone Shaft Mining
33:01 Block Printing
33:07 Sanctity
32:59 Fervor
33:33 Guilds
33:39 Town Watch
34:02 Scale Barding Armor
34:33 Iron Casting
33:19 Cavalier
34:00 Husbandry
35:09 Paladin
36:14 Chain Barding Armor
37:00 Two-Man Saw
38:19 Plate Barding Armor
38:20 Crop Rotation
40:11 Blast Furnace
41:13 Chemistry
40:24 Masonry
42:15 Ballistics
42:41 Conscription
42:57 Hoardings
42:38 Padded Archer Armor
42:30 Fletching
Connection lost

Rejoining the realm…

Still unreachable

The connection could not be restored.

Session expired

The server has moved on; the page needs a fresh start.